[Event "76th GEO-ch Women 2019"]
[Site "Tbilisi"]
[Date "2019.03.30"]
[Round "11.3"]
[White "Esadze, Tamari"]
[Black "Purtseladze, Maka"]
[Result "0-1"]
[ECO "C04"]
[WhiteElo "2078"]
[BlackElo "2282"]
[Annotator "NA"]
[PlyCount "64"]
[EventDate "2019.03.19"]
[EventType "swiss"]
[EventCountry "GEO"]
[SourceTitle "playchess.com"]
[Source "ChessBase"]
[SourceQuality "1"]
[TimeControl "40/5400+30:1800+30"]

1. e4 e6 2. d4 d5 3. Nd2 Nc6 4. Ngf3 Nf6 5. e5 Nd7 6. c3 f6 7. exf6 Qxf6 8. Bd3 Bd6 9. O-O {[%emt 0:15:14] C04: French Tarrasch: 3...Nc6} (9. Qc2 h6 10. Bg6+ Kf8 11. Nb3 e5 12. Qf5 Qxf5 13. Bxf5 Nb6 14. Bxc8 Rxc8 15. dxe5 Nxe5 16. Nxe5 Bxe5 {½-½ (27) Kovacevic,A (2563)-Stella,A (2477) Cappelle-la-Grande 2013}) 9... O-O 10. Nb3 e5 11. Bg5 Qf7 12. dxe5 Ndxe5 13. Nbd4 $146 ({Predecessor:} 13. Be2 Be6 14. Nbd4 Nxf3+ 15. Nxf3 Qh5 16. h4 Qg6 {0-1 (32) Post,H (1879)-Manukyan,S (1626) Batumi 2016}) 13... Nxd3 14. Qxd3 Qh5 15. Bh4 Nxd4 16. cxd4 Bg4 17. Bg3 Bxf3 18. gxf3 Rxf3 19. Qb5 Raf8 20. Qxb7 $19 Qf5 21. Qb5 h5 22. Rae1 h4 23. Bxd6 cxd6 24. Qe2 Rf6 25. Kh1 h3 26. Qe8+ Kh7 27. Re7 Rg6 28. Rg1 Rxg1+ 29. Kxg1 Qg4+ 30. Kf1 Qg2+ 31. Ke1 Qxf2+ 32. Kd1 Rd3+ 0-1

[Event "76th GEO-ch Women 2019"]
[Site "Tbilisi"]
[Date "2019.03.30"]
[Round "11.4"]
[White "Vakhania, Aleksandra"]
[Black "Gvetadze, Sofio"]
[Result "1-0"]
[ECO "B07"]
[WhiteElo "2175"]
[BlackElo "2321"]
[Annotator "NA"]
[PlyCount "77"]
[EventDate "2019.03.19"]
[EventType "swiss"]
[EventCountry "GEO"]
[SourceTitle "playchess.com"]
[Source "ChessBase"]
[SourceQuality "1"]
[TimeControl "40/5400+30:1800+30"]

1. d4 d6 2. e4 Nf6 3. Nc3 Nbd7 4. Nf3 e5 5. Bc4 Be7 6. dxe5 dxe5 7. Ng5 O-O 8. Bxf7+ $14 Rxf7 9. Ne6 Qe8 10. Nxc7 Qd8 11. Nxa8 b6 12. Be3 Bb7 13. Nxb6 axb6 14. Qd3 Qa8 15. f3 Ba6 16. Qd2 Bb4 17. a3 Bc4 18. Rd1 Nxe4 19. fxe4 Bxc3 20. Qxc3 Qxe4 21. Rd2 h6 22. b3 Ba6 23. Kd1 Nf6 24. Bxb6 Nd5 25. Qa5 Bb7 26. Re1 Qg4+ 27. Kc1 Qf4 28. g3 Qg5 29. c4 Nf6 30. Qxe5 Qg6 31. Qe6 Kh7 32. Bd4 Be4 33. Bxf6 Bf5 34. Qe5 Rxf6 35. Rf1 Qg5 36. h4 Qg4 37. Rdf2 Kg6 38. Rxf5 Rxf5 39. Qe6+ 1-0

[Event "76th GEO-ch Women 2019"]
[Site "Tbilisi"]
[Date "2019.03.30"]
[Round "11.5"]
[White "Arabidze, Meri"]
[Black "Tsereteli, Tamar"]
[Result "1-0"]
[ECO "A56"]
[WhiteElo "2392"]
[BlackElo "2315"]
[Annotator "NA"]
[PlyCount "71"]
[EventDate "2019.03.19"]
[EventType "swiss"]
[EventCountry "GEO"]
[SourceTitle "playchess.com"]
[Source "ChessBase"]
[SourceQuality "1"]
[TimeControl "40/5400+30:1800+30"]

1. d4 Nf6 2. c4 c5 3. d5 e5 4. Nc3 d6 5. e4 Be7 6. Be2 Nbd7 7. Nf3 {[%emt 0:00:39] A56: Czech Benoni} a6 (7... O-O 8. O-O Nh5 9. Ne1 Nf4 10. Bxf4 exf4 11. Nd3 Bg5 12. Bg4 Re8 13. Bxd7 Bxd7 14. Qf3 a6 15. a4 Qa5 16. Nxf4 {½-½ (46) Hammer,J (2608)-Aronian,L (2813) Stavanger 2013}) 8. a4 b6 9. O-O O-O 10. Ne1 Ne8 11. Nd3 Bg5 12. Rb1 g6 $146 ({Predecessor:} 12... Bxc1 13. Qxc1 g6 14. f4 exf4 15. Qxf4 {½-½ (93) Jedlicka,A (2226)-Sergeev,V (2436) Pardubice 2013}) 13. b4 Bxc1 14. Qxc1 a5 15. bxc5 bxc5 16. Nb5 Ba6 17. f4 exf4 18. Qxf4 Qe7 19. Bg4 Bxb5 20. Rxb5 $11 Ne5 21. Nxe5 dxe5 22. Qe3 Nd6 23. Qxc5 Qd8 24. Rbb1 h5 25. Bh3 Rb8 26. Rb5 Nxe4 27. Qe3 Nd6 28. Rxb8 Qxb8 29. c5 Qa7 30. Rc1 Re8 31. Kf2 Nb7 32. c6 Qxe3+ 33. Kxe3 Nd6 34. c7 f5 35. Rc6 Nc8 36. d6 1-0

[Event "76th GEO-ch Women 2019"]
[Site "Tbilisi"]
[Date "2019.03.30"]
[Round "11.6"]
[White "Mikadze, Miranda"]
[Black "Khukhashvili, Sopiko"]
[Result "0-1"]
[ECO "B06"]
[WhiteElo "2266"]
[BlackElo "2342"]
[Annotator "NA"]
[PlyCount "86"]
[EventDate "2019.03.19"]
[EventType "swiss"]
[EventCountry "GEO"]
[SourceTitle "playchess.com"]
[Source "ChessBase"]
[SourceQuality "1"]
[TimeControl "40/5400+30:1800+30"]

1. e4 d6 2. d4 g6 3. Nc3 Bg7 4. g3 Nd7 5. Bg2 c6 6. a4 a5 7. Nge2 Ngf6 8. O-O O-O 9. h3 e5 10. Bg5 {[%emt 0:01:12] B07: Pirc Defence: Miscellaneous Systems} (10. b3 exd4 11. Nxd4 Re8 12. Bf4 Nc5 13. Re1 Nh5 14. Be3 Nf6 15. f3 Qc7 16. Qd2 b6 17. Rad1 Bb7 {1-0 (42) Bauer,C (2634)-Berg,E (2581) Maastricht 2016}) 10... h6 11. Be3 Re8 $146 ({Predecessor:} 11... exd4 12. Nxd4 Re8 13. Qd2 Kh7 14. Rad1 Qc7 15. Rfe1 Bf8 16. f4 Nc5 17. Bf2 Bd7 {0-1 (60) Stoinev,M (2231)-Abramovic,B (2436) Plovdiv 2014}) 12. Qd2 Kh7 13. Rad1 Qc7 14. f4 exd4 15. Bxd4 Nb6 16. b3 d5 17. e5 Ng8 18. Bc5 f6 19. exf6 Nxf6 20. g4 Nbd7 21. Bf2 Nf8 22. Kh1 h5 $11 23. g5 Ng8 24. Nd4 Ne7 25. Nce2 Nf5 26. c4 dxc4 27. bxc4 Bd7 28. Qc1 Rad8 29. c5 Bc8 30. Nxf5 Bxf5 31. Rxd8 Qxd8 32. Ng3 Qd7 33. Nxf5 Qxf5 34. Qd2 Ne6 35. Qd7 Rd8 36. Qxb7 Rd3 37. Qxc6 Nxf4 38. Qe4 Rxh3+ 39. Kg1 Qxg5 40. c6 Rc3 41. Be1 Rc4 42. Qf3 Nxg2 43. Qxg2 Rg4 0-1